 Dungeon Crawl Stone Soup version 0.17-a0-2098-gf59d6bc (webtiles) character file.

82163 4thArraOfDagon the Executioner (level 15, -2/120 HPs)
             Began as a Deep Dwarf Fighter on Oct 17, 2015.
             Was the Champion of Makhleb.
             Slain by a merfolk impaler
             ... wielding a +1 vampiric trident
              (6 damage)
             ... on level 4 of the Shoals.
             The game lasted 00:55:53 (7574 turns).

4thArraOfDagon the Executioner (Deep Dwarf Fighter) Turns: 7574, Time: 00:55:54

Health: -2/120     AC: 26    Str: 16    XL:     15   Next: 28%
Magic:  5/5        EV:  6    Int: 16    God:    Makhleb [******]
Gold:   1161       SH:  0    Dex: 10    Spells: 1 memorised, 9 levels left

rFire  + + .     SeeInvis +     c - +3 executioner's axe (venom)
rCold  + . .     Clarity  .     y - +3 plate armour {rC+}
rNeg   + + .     SustAt   +     (no shield)
rPois  +         Gourm    .     z - +1 helmet {SInv}
rElec  .         Spirit   .     J - +0 cloak
rCorr  .         Warding  +     Q - +0 pair of gloves of Protective Custody {+Fly rF+ Str-4 Int+3}
rMut   .         Stasis   .     n - +1 pair of boots {run}
MR     ++...                    E - amulet of warding
Stlth  ..........               k - ring of sustain attributes
                                v - ring of protection from fire

@: lethally poisoned (-2 -> -5), flying, mesmerised, very slightly contaminated,
non-regenerating, hasted, very quick, very resistant to hostile enchantments,
extremely unstealthy
A: damage resistance, recharge devices, clumsy 1, negative energy resistance 1,
sense surroundings 2, poison resistance, slow regeneration 3, weak 1, wild magic
1
a: Device Recharging, Minor Destruction, Lesser Servant of Makhleb, Major
Destruction, Greater Servant of Makhleb, Renounce Religion


You were on level 4 of the Shoals.
You worshipped Makhleb.
Makhleb was exalted by your worship.
You were not hungry.

You visited 6 branches of the dungeon, and saw 34 of its levels.
You also visited: Ossuary and Volcano.

You collected 1345 gold pieces.
You spent 184 gold pieces at shops.

Inventory:

Hand Weapons
 a - a +1 war axe of chopping
 c - a +3 executioner's axe of venom (weapon)
 j - a +1 battleaxe
 l - a +0 battleaxe
 A - a +0 blowgun
Missiles
 X - a throwing net (quivered)
Armour
 n - a +1 pair of boots of running (worn)
 y - a +3 plate armour of cold resistance (worn)
 z - a +1 helmet of see invisible (worn)
 J - a +0 cloak (worn)
 Q - the +0 pair of gloves of Protective Custody (worn) {+Fly rF+ Str-4 Int+3}
   (You found it on level 6 of the Lair of Beasts)

   It affects your strength (-4).
   It affects your intelligence (+3).
   It protects you from fire.
   It lets you fly.
 Z - a +0 shield of reflection
Jewellery
 k - a ring of sustain attributes (right hand)
 v - a ring of protection from fire (left hand)
 E - an amulet of warding (around neck)
 F - an uncursed amulet of stasis
Wands
 e - a wand of heal wounds (4)
 r - a wand of digging (7)
 t - a wand of confusion (29)
 L - a wand of digging (9)
 R - a wand of cold (0)
 S - a wand of hasting (0)
 V - a wand of disintegration (8)
Scrolls
 B - 2 scrolls of fear
 I - 2 scrolls of remove curse
 P - 8 scrolls of teleportation
 U - a scroll of immolation
Potions
 b - a potion of brilliance
 g - a potion of magic {unknown}
 h - 4 potions of curing {unknown}
 i - 3 potions of flight
 q - 2 potions of cure mutation
 s - a potion of lignification
 u - a potion of cancellation
 x - 4 potions of resistance
 G - a potion of might
 H - 2 potions of heal wounds
 M - 3 potions of agility {unknown}
Books
 m - a book of Debilitation

   Spells                             Type                      Level
   a - Corona                         Hexes                        1
   b - Slow                           Hexes                        2
   c - Gell's Gravitas                Hexes/Translocation          3
   d - Inner Flame                    Hexes/Fire                   3
   e - Cause Fear                     Hexes                        4
   f - Leda's Liquefaction            Hexes/Earth                  4
 K - a book of the Warp

   Spells                             Type                      Level
   a - Recall                         Summoning/Translocation      3
   b - Gell's Gravitas                Hexes/Translocation          3
   c - Force Lance                    Conjuration/Translocation    4
   d - Phase Shift                    Translocation                5
   e - Warp Weapon                    Charms/Translocation         5
   f - Summon Forest                  Summoning/Translocation      5
 O - a book of Battle

   Spells                             Type                      Level
   a - Infusion                       Charms                       1
   b - Shroud of Golubria             Charms/Translocation         2
   c - Song of Slaying                Charms                       2
   d - Spectral Weapon                Hexes/Charms                 3
   e - Regeneration                   Charms/Necromancy            3
Miscellaneous
 d - a stone of tremors
 C - a stone of tremors
 D - a sack of spiders {used: 7}
 T - a plain deck of wonders
Comestibles
 f - 12 bread rations
 o - 12 fruits
 p - 5 meat rations
 Y - 3 chunks of flesh


   Skills:
 - Level 4.3 Fighting
 * Level 22.2 Axes
 - Level 11.0 Armour
 - Level 3.2 Shields
 + Level 15.1 Evocations


You had 9 spell levels left.
You knew the following spells:

 Your Spells              Type           Power        Failure   Level  Hunger
a - Phase Shift           Tloc           #.........   100%        5    ######.


Dungeon Overview and Level Annotations

Branches:
Dungeon (15/15)            Temple (1/1) D:5            Lair (8/8) D:9
 Shoals (4/4) Lair:4        Snake (2/4) Lair:3        Slime (0/6) Lair:6
    Orc (4/4) D:11         Vaults (0/5) D:13
    Elf: Orc:3-4     Depths: D:15

Altars:
Ashenzari
Cheibriados
Dithmenos
Elyvilon
Kikubaaqudgha
Makhleb
Okawaru
Qazlal
Ru
Sif Muna
Trog
Xom
Yredelemnul
The Shining One
Beogh

Shops:
Orc:1 [   Orc:4 ***}   Snake:2 }

Portals:
Hell: Lair:8

Annotations:
D:4 Purgy
D:7 knightlybrigand's ghost, novice MiFi
D:9 LAIR
Lair:3 exclusion: 4 oklob plants
Lair:4 exclusion: 2 upstairs
Shoals:1 exclusion: obsidian statue
Shoals:2 exclusion: orange crystal statue
Shoals:4 Ilsuiw


Innate Abilities, Weirdness & Mutations

You are resistant to damage.
You can recharge devices by infusing magical energy.
You resist negative energy.
You passively map the area around you.
You do not regenerate naturally.
You are clumsy. (Dex -2)
Your system is resistant to poisons.
You are weak. (Str -2)
Your spells are a little harder to cast, but a little more powerful.


Message History

* * * LOW HITPOINT WARNING * * *
The siren chants a haunting song.
You resist with almost no effort.
The merfolk impaler hits you but does no damage. x2
The merfolk impaler hits you with a vampiric trident!
Unknown command.
Unknown command.
Evoke which item? (* to show all) (? for menu, Esc to quit)
This wand has no charges.
There are monsters nearby!
Use which ability?
Charge which item? (? for menu, Esc to quit)
Your wand of heal wounds (0) glows for a moment and now has 4 charges.
You feel sick.
The merfolk impaler hits you with a demon trident of electrocution.
* * * LOW HITPOINT WARNING * * *
The merfolk impaler hits you from afar with a trident!
* * * LOW HITPOINT WARNING * * *
The merfolk impaler hits you with a vampiric trident!
You die...

≈ ≈≈≈≈≈≈≈≈≈*#### ≈≈
≈≈≈≈≈≈≈≈≈≈≈≈≈≈≈##≈≈≈##≈
≈≈≈≈≈≈≈≈≈≈≈≈≈≈≈#≈≈≈≈.# ≈≈ ≈
≈≈≈≈≈≈≈≈≈≈≈≈≈≈≈#≈≈φ≈.#≈≈ ≈
≈≈≈≈≈≈≈≈≈≈≈≈≈≈≈#≈≈...# ≈ ≈
≈≈≈≈≈≈≈≈≈≈≈....#H≈≈≈# ≈≈
≈≈≈≈≈≈≈≈≈≈.....m##'##≈≈≈≈ ≈
≈≈≈≈≈≈≈≈≈.....†)mmm≈≈≈≈≈ ≈≈ ≈
≈≈≈≈≈≈≈≈......≈≈@.≈≈≈≈≈≈ ≈ ≈ ≈
≈≈≈≈≈≈(≈..........≈≈≈≈≈≈ ≈≈≈
≈≈≈≈≈≈≈≈≈.........≈≈≈≈P≈ ≈
≈≈≈≈≈≈≈≈≈≈≈≈≈≈≈..≈≈m≈≈≈≈ ≈ *
≈≈≈≈≈≈≈≈≈.##.≈≈≈≈≈≈≈≈≈mm ≈ ≈ ,
≈≈≈≈≈≈≈..#..#..≈≈≈≈≈≈≈≈m≈≈≈≈...
≈≈≈≈≈≈.#.#..#.#.≈≈≈P≈≈mm≈≈≈≈..#
≈≈≈≈†≈..........≈≈≈≈≈≈≈≈≈≈P≈≈##
≈≈≈≈≈.##..≈≈..##.≈<≈PP≈≈P≈≈≈.P###


You could see Ilsuiw, 4 merfolk impalers, a merfolk javelineer, 2 merfolk and 2
sirens.

Vanquished Creatures
  Donald (Shoals:3)
  The ghost of brucemayne the Executioner, a journeyman HOBe of Trog (Shoals:4)
  2 orc warlords (Orc:4)
  2 merfolk javelineers (Shoals:4)
  5 merfolk impalers
  4 naga warriors
  A hell beast (Lair:8)
  3 merfolk aquamancers
  An anaconda (Snake:1)
  Erolcha (D:8)
  4 centaur warriors
  2 merfolk avatars (Shoals:4)
  7 death yaks
  3 orc high priests (Orc:4)
  A fire crab (Shoals:4)
  6 sea snakes
  A naga ritualist (Snake:1)
  A wizard (Lair:8)
  A harpy (Shoals:4)
  4 manticores (Shoals:4)
  4 griffons
  6 ugly things (D:14)
  8 mana vipers
  2 orc knights (Orc:4)
  3 water nymphs
  11 black mambas
  3 orange demons (Lair:8)
  A centaur zombie (D:14)
  A siren (Shoals:3)
  A naga mage (Snake:2)
  7 spiny frogs
  A hellwing (Lair:8)
  2 fire drakes (Lair:8)
  2 komodo dragons (Lair:8)
  2 red devils (Lair:8)
  A harpy zombie (D:15)
  2 polar bears (D:14)
  22 merfolk
  A troll (D:11)
  2 two-headed ogres (Orc:4)
  Grinder (D:5)
  2 wind drakes (Shoals:3)
  3 blue devils (Lair:8)
  2 boulder beetles
  2 flying skulls (Volcano)
  2 blink frogs
  2 snapping turtles
  3 slime creatures (Lair:6)
  A deep elf mage (D:13)
  A wyvern (D:14)
  A wraith (D:9)
  A vampire (Volcano)
  3 basilisks (D:9)
  8 water elementals
  A centaur simulacrum (D:14)
  6 fire bats
  24 yaks
  3 hippogriffs
  2 wargs
  5 water moccasins
  5 vampire mosquitoes
  9 nagas (Snake:2)
  An eye of draining (D:14)
  3 black bears
  An ice beast (D:6)
  2 hell hounds (Lair:8)
  30 orc warriors
  2 sky beasts
  3 ogres
  7 porcupines
  10 crocodiles
  5 giant frogs
  Blork the orc (D:6)
  10 centaurs
  A wyvern skeleton (D:9)
  2 scorpions
  8 wights
  4 hounds
  20 orc priests
  3 crimson imps
  An iguana (D:9)
  3 jellies
  4 centaur skeletons
  14 orc wizards
  A giant frog skeleton (D:8)
  6 worker ants
  8 sheep
  2 mummies
  2 worker ant zombies
  3 adders
  29 river rats
  12 white imps (Snake:1)
  A shadow imp (D:13)
  An adder zombie (D:9)
  An adder skeleton (D:7)
  2 giant geckos
  142 orcs
  3 gnoll skeletons (Ossuary)
  3 hobgoblins (D:9)
  2 quokkas
  3 goblins
  A jackal skeleton (D:7)
  2 kobolds (D:9)
  2 kobold skeletons (Ossuary)
  4 orc skeletons (Ossuary)
  A rat (D:9)
  8 plants
594 creatures vanquished.

Vanquished Creatures (collateral kills)
  2 merfolk javelineers (Shoals:4)
  A vault guard (D:13)
  A merfolk impaler (Shoals:4)
  The ghost of emiel the Cleaver, a journeyman MiGl of Trog (Volcano)
  A sea snake (Shoals:3)
  An orc knight (D:11)
  A troll (D:12)
  3 wights (D:13)
  An orc priest (Orc:4)
  An orc wizard (Orc:4)
  A worker ant (D:11)
  5 orcs
19 creatures vanquished.

Vanquished Creatures (others)
  An orc (Orc:1)
  A bush (D:9)
  2 fungi (D:9)
  3 plants
7 creatures vanquished.

Grand Total: 620 creatures vanquished

Notes
Turn   | Place    | Note
--------------------------------------------------------------
     0 | D:1      | 4thArraOfDagon the Deep Dwarf Fighter began the quest for the Orb.
     0 | D:1      | Reached XP level 1. HP: 20/20 MP: 1/1
   178 | D:4      | Noticed Purgy
   191 | D:5      | Entered Level 5 of the Dungeon
   191 | D:5      | Noticed a jelly
   198 | D:5      | Killed a jelly
   198 | D:5      | Reached XP level 2. HP: 9/28 MP: 2/2
   198 | D:5      | Reached XP level 3. HP: 10/34 MP: 3/3
   204 | D:5      | Noticed Grinder
   204 | D:5      | Noticed a water moccasin
   209 | D:5      | Killed a water moccasin
   209 | D:5      | Reached skill level 4 in Axes
   209 | D:5      | Reached XP level 4. HP: 34/42 MP: 4/4
   209 | D:5      | Reached XP level 5. HP: 39/49 MP: 5/5
   218 | D:5      | Paralysed by Grinder for 5 turns
   227 | D:5      | Killed Grinder
   227 | D:5      | Reached skill level 5 in Axes
   227 | D:5      | Reached XP level 6. HP: 33/57 MP: 6/6
   259 | D:6      | Reached skill level 6 in Axes
   259 | D:6      | Reached skill level 5 in Armour
   264 | D:6      | Reached XP level 7. HP: 12/64 MP: 7/7
   285 | D:6      | Noticed Blork the orc
   294 | D:6      | Killed Blork the orc
   294 | D:6      | Reached skill level 1 in Evocations
   310 | D:6      | Found an ancient bone altar of Kikubaaqudgha.
   380 | D:7      | Found a sand-covered staircase.
   411 | D:7      | Identified a +1 pair of boots of running (You found it on level 7 of the Dungeon)
   426 | D:6      | Reached skill level 7 in Axes
   632 | D:7      | Reached XP level 8. HP: 40/72 MP: 10/10
   752 | D:7      | Found a shimmering altar of Xom.
   801 | Ossuary  | Entered an ossuary
   851 | Ossuary  | Noticed 4thArraOfDagon's ghost (weakling HEFE)
   992 | D:5      | Found a staircase to the Ecumenical Temple.
   999 | Temple   | Entered the Ecumenical Temple
  1013 | Temple   | Became a worshipper of Makhleb the Destroyer
  1103 | D:6      | Reached skill level 8 in Axes
  1355 | D:8      | Reached skill level 5 in Evocations
  1384 | D:8      | Reached skill level 9 in Axes
  1414 | D:8      | Noticed Erolcha
  1450 | D:8      | Killed Erolcha
  1450 | D:8      | Gained mutation: You passively map the area around you. [Deep Dwarf growth]
  1450 | D:8      | Reached XP level 9. HP: 23/78 MP: 11/11
  1461 | D:8      | Reached * piety under Makhleb
  1461 | D:8      | Reached skill level 10 in Axes
  1505 | D:7      | Noticed knightlybrigand's ghost (novice MiFi)
  1507 | D:8      | Noticed a red ugly thing
  1611 | D:9      | Reached ** piety under Makhleb
  1880 | D:10     | Entered Level 10 of the Dungeon
  1952 | D:10     | Noticed a centaur skeleton
  1966 | D:10     | Killed a centaur skeleton
  1966 | D:10     | Reached skill level 11 in Axes
  2057 | D:11     | Found a roughly hewn altar of Beogh.
  2057 | D:11     | Found a staircase to the Orcish Mines.
  2057 | D:11     | Noticed an orc knight
  2077 | D:12     | wrong
  2097 | D:12     | Reached *** piety under Makhleb
  2103 | D:12     | Reached XP level 10. HP: 74/86 MP: 12/14
  2224 | D:14     | Noticed a centaur warrior
  2239 | D:14     | Killed a centaur warrior
  2239 | D:14     | Reached skill level 12 in Axes
  2299 | D:14     | Found a bloodstained altar of Trog.
  2376 | D:15     | Entered Level 15 of the Dungeon
  2376 | D:15     | Noticed a six-headed hydra
  2436 | D:14     | Noticed a red ugly thing
  2437 | D:14     | Noticed a red ugly thing
  2437 | D:14     | Noticed a red ugly thing
  2437 | D:14     | Noticed a red ugly thing
  2438 | D:14     | Noticed a red ugly thing
  2439 | D:14     | Noticed a red ugly thing
  2467 | D:14     | Killed a brown ugly thing
  2468 | D:14     | Killed a brown ugly thing
  2468 | D:14     | Reached skill level 13 in Axes
  2470 | D:14     | Killed a cyan ugly thing
  2470 | D:14     | Reached skill level 10 in Evocations
  2470 | D:14     | Reached XP level 11. HP: 92/92 MP: 13/15
  2473 | D:14     | Killed a white ugly thing
  2476 | D:14     | Killed a brown ugly thing
  2485 | D:14     | Killed a cyan ugly thing
  2485 | D:14     | Reached skill level 10 in Armour
  2495 | D:14     | Found an iron altar of Okawaru.
  2716 | D:15     | Noticed a centaur warrior
  2716 | D:15     | Noticed a red ugly thing
  2716 | D:15     | Noticed a red ugly thing
  2716 | D:15     | Noticed a red ugly thing
  2716 | D:15     | Noticed a red ugly thing
  2717 | D:15     | Noticed a red ugly thing
  2718 | D:15     | Noticed a red ugly thing
  2723 | D:15     | Killed a centaur warrior
  2778 | D:14     | Reached **** piety under Makhleb
  2889 | D:13     | Noticed a centaur warrior
  2903 | D:13     | Killed a centaur warrior
  2941 | D:13     | Noticed a centaur skeleton
  2951 | D:13     | Killed a centaur skeleton
  2967 | D:13     | Noticed a centaur skeleton
  2972 | D:13     | Killed a centaur skeleton
  2972 | D:13     | Reached skill level 14 in Axes
  2976 | D:13     | Noticed a centaur warrior
  2983 | D:13     | Killed a centaur warrior
  2984 | D:13     | Noticed a vault guard
  3021 | D:13     | Killed a vault guard
  3041 | D:13     | Found a gate to the Vaults.
  3093 | D:13     | HP: 3/92 [wight/enchanted battleaxe (12)]
  3264 | D:11     | Noticed a brown ugly thing
  3337 | D:11     | Reached ***** piety under Makhleb
  3348 | D:11     | Killed an orc knight
  3362 | Orc:1    | Entered Level 1 of the Orcish Mines
  3390 | Orc:1    | Found Buecun's Armour Shoppe.
  3402 | Orc:1    | :(
  3504 | Orc:4    | Entered Level 4 of the Orcish Mines
  3535 | Orc:4    | Reached XP level 12. HP: 62/99 MP: 17/17
  3633 | Orc:4    | Noticed an orc warlord
  3671 | Orc:4    | Killed an orc warlord
  3671 | Orc:4    | Reached skill level 15 in Axes
  3717 | Orc:4    | Reached ****** piety under Makhleb
  3822 | Orc:4    | Identified a scroll of acquirement
  3959 | Orc:4    | Noticed an orc high priest
  3960 | Orc:4    | Found Keodalogg's Assorted Antiques.
  3973 | Orc:4    | Killed an orc high priest
  3983 | Orc:4    | Bought an amethyst potion for 32 gold pieces
  4008 | Orc:4    | Noticed an orc warlord
  4019 | Orc:4    | Killed an orc warlord
  4019 | Orc:4    | Reached skill level 16 in Axes
  4022 | Orc:4    | Found a roughly hewn altar of Beogh.
  4039 | Orc:4    | Noticed an orc high priest
  4062 | Orc:4    | Killed an orc high priest
  4090 | Orc:4    | Noticed an orc high priest
  4091 | Orc:4    | Found Tevijoji's Gadget Shop.
  4101 | Orc:4    | Killed an orc high priest
  4291 | Orc:4    | Found Taosil's General Store.
  4302 | Orc:4    | Bought a scroll of identify for 32 gold pieces
  4302 | Orc:4    | Bought a potion of poison for 16 gold pieces
  4311 | Orc:4    | Found a roughly hewn altar of Beogh.
  4383 | Orc:4    | Found Lurod Ritemn's Assorted Antiques.
  4394 | Orc:4    | Reached skill level 17 in Axes
  4398 | Orc:4    | Bought a scroll of identify for 52 gold pieces
  4398 | Orc:4    | Bought a scroll of identify for 52 gold pieces
  4400 | Orc:4    | Gained mutation: You are clumsy. (Dex -2) [potion of mutation]
  4400 | Orc:4    | Gained mutation: Your system is resistant to poisons. [potion of mutation]
  4400 | Orc:4    | Gained mutation: You are weak. (Str -2) [potion of mutation]
  4401 | Orc:4    | Gained mutation: You tend to lose your temper in combat. [potion of mutation]
  4401 | Orc:4    | Gained mutation: Your spells are a little harder to cast, but a little more powerful. [potion of mutation]
  4401 | Orc:4    | Lost mutation: You tend to lose your temper in combat. [potion of mutation]
  4761 | D:9      | Found a staircase to the Lair.
  4774 | Lair:1   | Entered Level 1 of the Lair of Beasts
  4900 | Lair:3   | Reached XP level 13. HP: 105/105 MP: 17/17
  4913 | Lair:3   | Found a staircase to the Snake Pit.
  4928 | Snake:1  | Entered Level 1 of the Snake Pit
  4945 | Snake:1  | Learned a level 5 spell: Phase Shift
  4960 | Snake:1  | Reached skill level 18 in Axes
  5031 | Snake:1  | Found a frozen archway.
  5116 | Snake:2  | Found Eni Xerchu's Gadget Emporium.
  5182 | Snake:2  | Reached skill level 19 in Axes
  5201 | Snake:2  | Noticed a greater naga
  5282 | Snake:1  | RIP
  5614 | Lair:6   | Found a staircase to the Slime Pits.
  5642 | Lair:6   | Got a pair of faintly humming gloves
  5660 | Lair:6   | Identified the cursed +0 pair of gloves of Protective Custody {+Fly rF+ Str-4 Int+3} (You found it on level 6 of the Lair of Beasts)
  5732 | Lair:6   | Found a dark tunnel.
  5742 | Volcano  | Entered a volcano
  5743 | Volcano  | Noticed emiel's ghost (journeyman MiGl)
  5757 | Volcano  | Killed emiel's ghost
  5987 | Lair:8   | Entered Level 8 of the Lair of Beasts
  5999 | Lair:8   | Reached skill level 20 in Axes
  6154 | Lair:8   | Gained mutation: You resist negative energy. [Deep Dwarf growth]
  6154 | Lair:8   | Reached XP level 14. HP: 45/114 MP: 14/14
  6167 | Lair:8   | Found a burning altar of Makhleb.
  6180 | Lair:8   | Found a gateway to Hell.
  6242 | Lair:8   | Noticed a dire elephant
  6537 | Lair:4   | Found a staircase to the Shoals.
  6554 | Lair:4   | RIP
  6556 | Shoals:1 | Entered Level 1 of the Shoals
  6721 | Shoals:1 | Reached skill level 21 in Axes
  6928 | Shoals:3 | Noticed Donald
  7006 | Shoals:3 | Killed Donald
  7055 | Shoals:4 | Entered Level 4 of the Shoals
  7259 | Shoals:4 | Noticed brucemayne's ghost (journeyman HOBe)
  7289 | Shoals:4 | Reached XP level 15. HP: 73/120 MP: 11/11
  7337 | Shoals:4 | Killed brucemayne's ghost
  7405 | Shoals:4 | Reached skill level 22 in Axes
  7425 | Shoals:4 | Noticed Ilsuiw
  7481 | Shoals:4 | Reached skill level 15 in Evocations
  7574 | Shoals:4 | HP: 4/120 [merfolk impaler/trident (8)]
  7574 | Shoals:4 | Slain by a merfolk impaler

Vault maps used:
D:1:      minmay_arrival_diagonal_passages, monster_avoids_cloud
D:3:      first_bread
D:4:      wad_orctagon, uniq_purgy
D:5:      minmay_temple_entry_overgrown, uniq_grinder
D:6:      basic_altar, uniq_blork_the_orc
D:7:      lemuel_crystal_altar, nicolae_ossuary_entry_false_entrances,
          serial_curves, eino_curves_01, eino_curves_03, minmay_door_square
D:8:      uniq_erolcha
D:9:      corexii_shack_village, minmay_lair_entry_grove, special_room,
          hangedman_ranch, due_unseen_surprise, uniq_psyche
D:11:     david_orc_5
D:13:     david_vaults_5
D:14:     basic_altar, hangedman_decor_points, st_stairs_7, trog_ov_bears_minmay
D:15:     grunt_enter_depths_giant_problem, minivault_24, serial_shops, shop,
          uniq_roxanne, uniq_louise
Temple:   grunt_circular_temple_18
Lair:2:   nicolae_quartered_pool_little, lemuel_fruit_tree, uniq_erica
Lair:3:   dpeg_oklob_gauntlet, dummy_snake_entry, nicolae_quartered_pool_super
Lair:4:   shoals_dummy_entry, eino_small_chamber_without_monster
Lair:6:   minmay_slime_entry_pillars, nicolae_volcano_entry_batcave,
          beast_lair_carwin_9
Lair:8:   evil_forest
Shoals:1: dpeg_stationary_puzzle
Shoals:2: overgrown_statue
Shoals:3: nicolae_shoals_flooded_hall, uniq_donald
Shoals:4: shoals_end_simple, shoals_ilsuiw_ice, hangedman_shoal_volcano
Snake:1:  portal_ice_cave_entry_imps
Snake:2:  serial_shops, nicolae_shop_behind_doors, shop, basic_altar,
          spider_trap
Orc:1:    serial_shops, nicolae_shop_waterfront, nicolae_orc_sculptors_studio,
          nicolae_orc_lost_temple
Orc:3:    nicolae_orc_pool_cavern, mines3_lemuel
Orc:4:    pubby_orc_utopia
Ossuary:  ossuary_due_mausoleum
Volcano:  volcano_tomb

Action                   |  1- 3 |  4- 6 |  7- 9 | 10-12 | 13-15 || total
-------------------------+-------+-------+-------+-------+-------++-------
Melee: War axe           |     8 |    18 |   310 |   187 |       ||   523
       Battleaxe         |       |       |       |   177 |       ||   177
       Executioner's axe |       |       |       |   257 |   844 ||  1101
Throw: Javelin           |       |       |       |       |     2 ||     2
Invok: Greater Servant o |       |       |       |       |     2 ||     2
       Lesser Servant of |       |       |       |       |     1 ||     1
 Abil: Device Recharging |       |       |     2 |     2 |    17 ||    21
       Evoke Flight      |       |       |       |       |     3 ||     3
Evoke: Wand              |     1 |     1 |    15 |    12 |    67 ||    96
       Sack of spiders   |       |       |       |     5 |     3 ||     8
       Stone of tremors  |       |       |       |       |     1 ||     1
  Use: Scroll            |     2 |       |    10 |    13 |     9 ||    34
       Potion            |     1 |     1 |     5 |     5 |     2 ||    14
 Stab: Distracted        |       |       |       |     1 |     1 ||     2
       Held in net/web   |       |       |       |       |     1 ||     1
  Eat: Chunk             |       |       |     5 |     5 |     7 ||    17
       Fruit             |       |       |       |     2 |       ||     2
       Beef jerky        |       |       |       |     4 |       ||     4
       Royal jelly       |       |       |       |       |     1 ||     1
